 Dungeon Crawl Stone Soup version 0.29.1-4-g47bece8355 (webtiles) character file.

Game seed: 795560736945672706

305 RKaid the Gusty (level 6, 0/38 HPs)
             Began as an Octopode Air Elementalist on Dec 3, 2022.
             Slain by Blork the orc
             ... wielding a +1 long sword of protection
              (2 damage)
             ... on level 4 of the Dungeon.
             The game lasted 00:10:19 (4354 turns).

RKaid the Gusty (Octopode Air Elementalist)         Turns: 4354, Time: 00:10:19

Health: 0/38       AC:  1    Str:  9    XL:     6   Next: 39%
Magic:  2/10       EV: 13    Int: 17    God:
Gold:   124        SH:  0    Dex: 13    Spells: 9/10 levels left

rFire   + . .      SeeInvis .   c - staff of fire {rF+}
rCold   . . .      Faith    .   (no shield)
rNeg    . . .      Spirit   .   (helmet restricted)
rPois   .          Reflect  .   (no amulet)
rElec   .          Harm     .   q - ring of Wisoehasch {+Blink Fly Will+}
rCorr   .          Rampage  .   (no ring)
Will    +....                   (no ring)
Stlth   ++++......              (no ring)
HPRegen 0.12/turn               (no ring)
MPRegen 0.12/turn               (no ring)
                                (no ring)
                                (no ring)

@: flying
A: almost no armour, amphibious, 8 rings, camouflage 1, gelatinous body 1,
(nimble swimmer 1), tentacles
a: Evoke Blink


You were on level 4 of the Dungeon.
You visited 1 branch of the dungeon, and saw 4 of its levels.

You collected 174 gold pieces.
You spent 50 gold pieces at shops.

Inventory:

Hand Weapons
 b - the +6 sling "Bet Uzar" {flame, Int+4 SInv}
   (You found it on level 3 of the Dungeon)

   Any ammunition fired from it burns those it strikes, dealing additional fire
   damage.
   Int:       It affects your intelligence (+4).
   SInv:      It lets you see invisible.
Magical Staves
 a - a staff of conjuration {!a}
   (You found it on level 2 of the Dungeon)
 c - a staff of fire (weapon) {rF+}
   (You found it on level 1 of the Dungeon)
Jewellery
 q - the ring of Wisoehasch (left tentacle) {+Blink Fly Will+}
   (You found it on level 3 of the Dungeon)

   [ring of willpower]

   Fly:       It grants you flight.
   +Blink:    It lets you blink.
   Will:      It increases your willpower.
Scrolls
 d - a scroll of enchant armour
 e - a scroll of noise {!r}
 f - a scroll of vulnerability {unknown}
 i - a scroll of immolation {unknown}
 r - a scroll of acquirement {unknown}
 s - a scroll of fear {unknown}
 t - a scroll of teleportation
 u - 4 scrolls of identify {unknown}
 v - a scroll of blinking {unknown}
Potions
 g - a potion of cancellation {unknown}
 h - a potion of heal wounds
 j - a potion of magic
 k - 2 potions of degeneration {unknown}
 l - a potion of flight {unknown}
 m - a potion of curing {unknown}
 n - 4 potions of haste {unknown}
 o - 2 potions of might {unknown}
 p - a potion of lignification {unknown}


   Skills:
 + Level 1.5 Fighting
 - Level 2.5 Dodging
 + Level 4.2 Stealth
 + Level 2.8 Spellcasting
 + Level 2.4 Conjurations
 * Level 4.5 Air Magic
 + Level 1.6 Evocations


You had 9 spell levels left.
You knew the following spells:

 Your Spells              Type           Power      Damage    Failure   Level
a - Shock                 Conj/Air       56%        1d6       4%          1

Your spell library contained the following spells:

 Spells                   Type           Power      Damage    Failure   Level
 Static Discharge         Conj/Air       14%        3-5/arc   6%          2
 Magic Dart               Conj           40%        1d5       7%          1
 Swiftness                Air            18%        N/A       9%          3
 Mephitic Cloud           Conj/Pois/Air  10%        N/A       21%         3
 Call Imp                 Summ           2%         N/A       26%         2
 Airstrike                Air            9%         2d(2-18)  26%         4
 Dazzling Flash           Conj/Hex       12%        N/A       32%         3
 Iskenderun's Mystic Bla  Conj/Tloc      6%         2d4       71%         4
 Starburst                Conj/Fire      4%         6d4       100%        6


Dungeon Overview and Level Annotations

Branches:
Dungeon (4/15)
 Temple: D:4-7

Altars:
Dithmenos
Fedhas
Kikubaaqudgha
Qazlal
Vehumet

Shops:
D:4 !

Annotations:
D:4 Blork the orc


Innate Abilities, Weirdness & Mutations

You cannot wear most types of armour.
You are amphibious.
You can wear up to eight rings at the same time.
Your skin changes colour to match your surroundings (Stealth+).
Your rubbery body absorbs attacks. (AC +1, EV +1)
((You are camouflaged when in or above water. (Stealth+)))
You have tentacles for arms and can constrict up to eight enemies at once.


Message History

There is an open door here.
You reach down and open the door.
There is an open door here.
A kobold comes into view. It is wielding a +0 short sword.
You shoot a sling bullet. The sling bullet hits the kobold.
The sling bullet burns the kobold.
You kill the kobold!
Found Jus Botu's Distillery.
Found a stone staircase leading down.
There is a fountain of clear blue water here.
A goblin comes into view. It is wielding a +0 dagger.
There is an entrance to Jus Botu's Distillery here.
A goblin is nearby!
You shoot a sling bullet. The sling bullet hits the goblin!
The sling bullet burns the goblin.
You kill the goblin!
h - a potion of heal wounds;
u - 4 scrolls labelled QOGYAR ECELA Thank you for shopping at Jus Botu's Distillery!
You can access your shopping list by pressing '$'.
v - a scroll labelled JIHARYUNNY
As you read the scroll labelled TAHUXK DUKAM, it crumbles to dust.
You hear a loud clanging noise!
It was a scroll of noise.
You hear a shout!
Blork the orc comes into view.
He is wielding a +1 long sword of protection.
You shoot a sling bullet. The sling bullet hits Blork the orc.
The sling bullet burns Blork the orc.
Blork the orc points at you and mumbles some strange words.
The puff of flame hits you!
The +6 sling "Bet Uzar" {flame, Int+4 SInv} stops flaming.
c - a staff of fire (weapon)
{rF+}
Casting: Shock (safe; 4% risk of failure)
Confirm with . or Enter, or press ? or * to list all spells.
Aiming: Shock (safe; 4% risk of failure)
Press: ? - help, Shift-Dir - straight line, f/p - Blork the orc
Aim: Blork the orc, wielding a +1 long sword of protection and wearing a +0 robe (lightly wounded, 75% to hit)
The zap hits Blork the orc.
Casting: Shock (safe; 4% risk of failure)
Confirm with . or Enter, or press ? or * to list all spells.
Aiming: Shock (safe; 4% risk of failure)
Press: ? - help, Shift-Dir - straight line, f/p - Blork the orc
Aim: Blork the orc, wielding a +1 long sword of protection and wearing a +0 robe (moderately wounded, 75% to hit)
The zap hits Blork the orc but does no damage.
Blork the orc mumbles some strange words.
Blork the orc seems to speed up.
Okay, then.
Casting: Shock (safe; 4% risk of failure)
Confirm with . or Enter, or press ? or * to list all spells.
Aiming: Shock (safe; 4% risk of failure)
Press: ? - help, Shift-Dir - straight line, f/p - Blork the orc
Aim: Blork the orc, wielding a +1 long sword of protection and wearing a +0 robe (moderately wounded, fast, 75% to hit)
The zap hits Blork the orc.
Casting: Shock (safe; 4% risk of failure)
Confirm with . or Enter, or press ? or * to list all spells.
Aiming: Shock (safe; 4% risk of failure)
Press: ? - help, Shift-Dir - straight line, f/p - Blork the orc
Aim: Blork the orc, wielding a +1 long sword of protection and wearing a +0 robe (heavily wounded, fast, 75% to hit)
The zap hits Blork the orc.
Casting: Shock (safe; 4% risk of failure)
Confirm with . or Enter, or press ? or * to list all spells.
Aiming: Shock (safe; 4% risk of failure)
Press: ? - help, Shift-Dir - straight line, f/p - Blork the orc
Aim: Blork the orc, wielding a +1 long sword of protection and wearing a +0 robe (severely wounded, fast, 75% to hit)
The zap hits Blork the orc.
Blork the orc gestures at you while chanting.
The puff of flame hits you. You resist.
Casting: Shock (safe; 4% risk of failure)
Confirm with . or Enter, or press ? or * to list all spells.
Aiming: Shock (safe; 4% risk of failure)
Press: ? - help, Shift-Dir - straight line, f/p - Blork the orc
Aim: Blork the orc, wielding a +1 long sword of protection and wearing a +0 robe (severely wounded, fast, 75% to hit)
The zap hits Blork the orc but does no damage.
Blork the orc points at you and mumbles some strange words.
The puff of flame misses you.
Casting: Shock (safe; 4% risk of failure)
Confirm with . or Enter, or press ? or * to list all spells.
Aiming: Shock (safe; 4% risk of failure)
Press: ? - help, Shift-Dir - straight line, f/p - Blork the orc
Aim: Blork the orc, wielding a +1 long sword of protection and wearing a +0 robe (severely wounded, fast, 75% to hit)
The zap hits Blork the orc but does no damage.
Blork the orc barely misses you.
Blork the orc points at you and mumbles some strange words.
The puff of frost hits you!
* * * LOW HITPOINT WARNING * * *
Casting: Shock (safe; 4% risk of failure)
Confirm with . or Enter, or press ? or * to list all spells.
Aiming: Shock (safe; 4% risk of failure)
Press: ? - help, Shift-Dir - straight line, f/p - Blork the orc
Aim: Blork the orc, wielding a +1 long sword of protection and wearing a +0 robe (severely wounded, fast, 75% to hit)
The zap hits Blork the orc.
Blork the orc hits you with a +1 long sword of protection!
* * * LOW HITPOINT WARNING * * *
Casting: Shock (safe; 4% risk of failure)
Confirm with . or Enter, or press ? or * to list all spells.
Aiming: Shock (safe; 4% risk of failure)
Press: ? - help, Shift-Dir - straight line, f/p - Blork the orc
Aim: Blork the orc, wielding a +1 long sword of protection and wearing a +0 robe (severely wounded, fast, 75% to hit)
The zap hits Blork the orc but does no damage.
Blork the orc hits you with a +1 long sword of protection.
You die...

####...#................#
.......#....♣.♣.♣.♣.#####
.......#.......⌠....#
####+###....♣)♣.♣.♣.#
.............⌠.∩.⌠..#
.........>..♣.♣.♣.♣.#
...............⌠....#
............♣.♣.♣.♣.#
................@...#
...............o....#
....................#
######+# ..)........#
...........# ...........#
...........# .######.....


You could see Blork the orc (fast).

Vanquished Creatures
  Menkaure (D:4)
  2 jellies (D:4)
  4 gnolls (D:4)
  2 adders
  3 worms
  2 dart slugs
  An orc (D:4)
  6 ball pythons
  2 endoplasms (D:2)
  4 giant cockroaches
  3 goblins
  6 hobgoblins
  3 quokkas
  3 bats
  6 frilled lizards
  10 kobolds
  4 rats
62 creatures vanquished.

Vanquished Creatures (others)
  7 plants (D:2)
7 creatures vanquished.

Grand Total: 69 creatures vanquished

Notes
Turn   | Place    | Note
-------+----------+-------------------------------------------
     0 | D:1      | RKaid the Octopode Air Elementalist began the quest for the
                  | Orb.
     0 | D:1      | Reached XP level 1. HP: 11/11 MP: 3/3
   273 | D:1      | Found a faded altar of an unknown god.
   478 | D:1      | Reached XP level 2. HP: 12/17 MP: 1/5
  1396 | D:2      | Reached skill level 3 in Stealth
  1510 | D:2      | Reached XP level 3. HP: 21/21 MP: 0/6
  2699 | D:3      | Found a blossoming altar of Fedhas.
  2699 | D:3      | Found a shadowy altar of Dithmenos.
  2941 | D:3      | Identified the +6 sling "Bet Uzar" {flame, Int+4 SInv}
  2946 | D:3      | Identified the ring of Wisoehasch {+Blink Fly Will+}
  2959 | D:3      | Found a radiant altar of Vehumet.
  3013 | D:3      | Found an ancient bone altar of Kikubaaqudgha.
  3082 | D:3      | Reached XP level 4. HP: 27/27 MP: 0/7
  3750 | D:4      | Reached skill level 2 in Conjurations
  3750 | D:4      | Reached skill level 4 in Air Magic
  3750 | D:4      | Reached XP level 5. HP: 32/32 MP: 8/8
  3755 | D:4      | Found a stormy altar of Qazlal.
  3761 | D:4      | Noticed Menkaure
  3765 | D:4      | Killed Menkaure
  3766 | D:4      | Reached skill level 1 in Fighting
  3766 | D:4      | Reached skill level 4 in Stealth
  3766 | D:4      | Reached skill level 1 in Evocations
  3766 | D:4      | Reached XP level 6. HP: 38/38 MP: 8/10
  3887 | D:4      | Noticed a black bear
  4328 | D:4      | Found Jus Botu's Distillery.
  4337 | D:4      | Bought a potion of heal wounds for 50 gold pieces
  4343 | D:4      | Noticed Blork the orc
  4353 | D:4      | HP: 2/38 [Blork the orc/+1 long sword of protection (8)]
  4354 | D:4      | Slain by Blork the orc

Illustrated notes

Levels and vault maps discovered:
D:1:      elethiomel_arrival_infinity_welcomes_careful_drivers, layout_basic,
          ebering_ecumenical_altar_abandoned
D:2:      layout_loops_ring, serial_bayou, serial_bayou_ford_a,
          serial_bayou_shore_a, serial_bayou_pond_d, serial_bayou_lagoon_a,
          serial_bayou_pond_d
D:3:      layout_loops_corners, nicolae_overflow_hidden_temple,
          nicolae_kikubaaqudgha_miasma_corner,
          mainiacjoe_overflow_catwalk_spiral
D:4:      layout_gridville, nicolae_overflow_crystal_walls,
          minmay_shop_grid_forest, minmay_misc_feat_pillars, uniq_menkaure,
          uniq_natasha, uniq_blork_the_orc

Skill      XL: |  1  2  3  4  5 |
---------------+----------------+-----
Stealth        | 3 4 |  4.2
Conjurations   | 2 |  2.4
Air Magic      | 4 |  4.5
Fighting       | 1 |  1.5
Evocations     | 1 |  1.6
Dodging        | |  2.5
Spellcasting   | |  2.8

Action                   |  1- 3 |  4- 6 || total
-------------------------+-------+-------++-------
Melee: Staff             |    12 |       ||    12
       Constrict         |     5 |       ||     5
       Tentacles         |     2 |       ||     2
 Fire: Sling             |       |    40 ||    40
 Cast: Shock             |    97 |    17 ||   114
  Use: Scroll            |     2 |     1 ||     3
Dodge: Dodged            |     9 |    10 ||    19

Table legend: (Time is in decaauts)
 A = Elapsed time spent in this place.
 B = Non-inter-level travel time spent in this place.
 C = Inter-level travel time spent in this place.
 D = Time resting spent in this place.
 E = Time spent auto-exploring this place.
 F = Levels seen in this place.
 G = Mean time per level.
                   A        B        C        D        E       F      G
               +--------+--------+--------+--------+--------+-----+--------+
         Total |   4368 |   4220 |    148 |   1177 |   2485 |   4 | 1092.0 |
       Dungeon |   4368 |   4220 |    148 |   1177 |   2485 |   4 | 1092.0 |
               +--------+--------+--------+--------+--------+-----+--------+

Top non-repeatable levels by time:
     D:1: 1375 daAuts
     D:2: 1324 daAuts
     D:3: 1060 daAuts
     D:4: 608 daAuts

Table legend:
 A = Kills in this place as a percentage of kills in entire the game.
 B = Kills by you in this place as a percentage of kills by you in the entire game.
 C = Kills by friends in this place as a percentage of kills by friends in the entire game.
 D = Other kills in this place as a percentage of other kills in the entire game.
 E = Experience gained in this place as a percentage of experience gained in the entire game.
 F = Experience gained in this place divided by the number of levels of this place that you have seen.
                   A       B       C       D       E      F
               +-------+-------+-------+-------+-------+----------------------
         Total | 100.0 | 100.0 |   N/A |   N/A | 100.0 | 109.0
       Dungeon | 100.0 | 100.0 |   N/A |   N/A | 100.0 | 109.0
               +-------+-------+-------+-------+-------+----------------------
